 Dungeon Crawl Stone Soup version 0.21.1-1-g345015fe64 (webtiles) character file.

240 Henning the Skirmisher (level 5, -3/54 HPs)
             Began as a Troll Abyssal Knight on June 16, 2018.
             Was a Priest of Lugonu.
             Slain by Henning's ghost (9 damage)
             ... on level 3 of the Dungeon.
             The game lasted 00:06:13 (2010 turns).

Henning the Skirmisher (Troll Abyssal Knight)       Turns: 2010, Time: 00:06:14

Health: -3/54      AC:  5    Str: 20    XL:     5   Next: 80%
Magic:  5/5        EV: 10    Int:  8    God:    Lugonu [***...]
Gold:   79         SH:  0    Dex: 10    Spells: 4/4 levels left

rFire    . . .     SeeInvis .     - Unarmed
rCold    . . .     Gourm    +   (no shield)
rNeg     . . .     Faith    .   a - +0 robe
rPois    .         Spirit   .   (helmet restricted)
rElec    .         Reflect  .   (no cloak)
rCorr    .         Harm     .   (gloves unavailable)
MR       .....                  (boots unavailable)
Stlth    +.........             (no amulet)
HPRegen  0.58/turn              (no ring)
MPRegen  0.09/turn              (no ring)

@: no status effects
A: large, unfitting armour, claws 3, fast metabolism 3, gourmand, regeneration
1, shaggy fur 1, tough skin 2
a: Depart the Abyss, Bend Space, Banish, Renounce Religion


You were on level 3 of the Dungeon.
You worshipped Lugonu.
Lugonu was most pleased with you.
You were completely stuffed.

You visited 1 branch of the dungeon, and saw 3 of its levels.
You visited the Abyss 1 time.

You collected 79 gold pieces.

Inventory:

Missiles
 k - 7 poisoned tomahawks (quivered)
Armour
 a - a +0 robe (worn)
Scrolls
 c - a scroll of remove curse {unknown}
 d - a scroll of random uselessness {unknown}
 e - 2 scrolls of amnesia {unknown}
 f - 2 scrolls of enchant armour {unknown}
 i - a scroll of enchant weapon {unknown}
 l - 2 scrolls of magic mapping {unknown}
 m - a scroll of teleportation {unknown}
 n - a scroll of identify {unknown}
Potions
 h - a potion of curing {unknown}
 j - a potion of berserk rage {unknown}
Comestibles
 b - 10 rations
 g - 8 chunks of flesh


   Skills:
 + Level 3.9 Fighting
 + Level 2.9 Dodging
 + Level 0.6 Stealth
 * Level 3.3 Unarmed Combat
 + Level 2.2 Invocations


You had 4 spell levels left.
You didn't know any spells.

Dungeon Overview and Level Annotations

Branches:
Dungeon (3/15)

Altars:
Fedhas

Annotations:
D:3 Henning's ghost, amateur TrAK


Innate Abilities, Weirdness & Mutations

You are too large for most types of armour.
You have claws for hands.
Your metabolism is lightning-fast.
You like to eat raw meat.
Your natural rate of healing is unusually fast.
You are covered in fur. (AC +1)
You have very tough skin. (AC +2)


Message History

Henning's ghost is moderately damaged.
Henning's ghost hits you.
You closely miss Henning's ghost.
Henning's ghost is moderately damaged.
Henning's ghost hits you!
You claw Henning's ghost!
Henning's ghost is heavily damaged.
You scratch Henning's ghost.
Henning's ghost is heavily damaged.
Henning's ghost hits you.
You closely miss Henning's ghost.
Henning's ghost is heavily damaged.
Henning's ghost hits you!
* * * LOW HITPOINT WARNING * * *
You claw Henning's ghost!
Henning's ghost is severely damaged.
Henning's ghost hits you!
* * * LOW HITPOINT WARNING * * *
Henning's ghost hits you!
You die...

.##### ....#####
#..%.....
####.#.###### #
#...........#
#..###.####.###.##
#>.............
#..###.#........
.. #@W.[..........
###.#.##.#.#.#.
...###)[....#.#.#
................ .
##.####...####.#
....... #
#####.### .. ...


You could see Henning's ghost.

Vanquished Creatures
  A hungry ghost (Abyss:1)
  2 adders (D:2)
  An ooze (D:3)
  5 leopard geckos
  5 orcs (D:3)
  9 bats
  6 giant cockroaches
  8 goblins
  5 hobgoblins
  10 jackals (D:1)
  A quokka (D:2)
  3 frilled lizards
  7 kobolds
  7 rats
70 creatures vanquished.

Notes
Turn   | Place    | Note
-------+----------+-------------------------------------------
     0 | Abyss:1  | Henning the Troll Abyssal Knight began the quest for the Orb.
     0 | Abyss:1  | Reached XP level 1. HP: 22/22 MP: 1/1
   280 | Abyss:1  | Noticed a hungry ghost
   311 | Abyss:1  | Killed a hungry ghost
   311 | Abyss:1  | Reached XP level 2. HP: 28/32 MP: 2/2
   311 | Abyss:1  | Reached XP level 3. HP: 34/39 MP: 3/3
   311 | Abyss:1  | Reached XP level 4. HP: 42/48 MP: 4/4
   313 | D:1      | Escaped the Abyss
   404 | D:1      | Reached XP level 5. HP: 53/54 MP: 5/5
   562 | D:1      | Reached ** piety under Lugonu
  1535 | D:2      | Found a blossoming altar of Fedhas.
  1845 | D:3      | Reached *** piety under Lugonu
  1884 | D:3      | Noticed Henning's ghost (amateur TrAK)
  1909 | D:3      | HP: 2/54 [Henning's ghost (2)]
  2010 | D:3      | Slain by Henning's ghost

Skill      XL: |  1  2  3  4  5 |
---------------+----------------+-----
Fighting       | 3 |  3.9
Dodging        | 2 |  2.9
Invocations    | 2 |  2.2
Unarmed Combat | 3 |  3.3
Stealth        | |  0.6

Action                   |  1- 3 |  4- 6 || total
-------------------------+-------+-------++-------
Melee: Unarmed           |    30 |   194 ||   224
       Punch             |       |     3 ||     3
Throw: Tomahawk          |       |     3 ||     3
 Stab: Sleeping          |       |     1 ||     1
  Eat: Ration            |     1 |       ||     1
       Chunk             |       |    25 ||    25
Armor: Robe              |     9 |    87 ||    96
Dodge: Dodged            |    11 |   114 ||   125
